National vs Scraper
Created - 12 avril 2014 at 19:00
Goals
|
| National |
2 |
1 |
2 |
5 |
| Scraper |
0 |
2 |
6 |
8 |
|
Shots
|
| National |
17 |
9 |
11 |
37 |
| Scraper |
9 |
16 |
14 |
39 |
|
1st period
1. National , Jonathan Cheechoo 22 (Dean McAmmond, Rico Fata) at 2:47
2. National , Rico Fata 51 (Dean McAmmond, Jonathan Cheechoo) at 13:01
Penalties :
Dean McAmmond (Que) for Hooking (Minor) at 13:21
2nd period
3. National , Rico Fata 52 (Dean McAmmond, Jonathan Cheechoo) at 7:34
4. Scraper , Logan Couture 29 (Alexander Radulov, Aaron Ward) at 8:27
5. Scraper , Jamie Benn 25 (Logan Couture, Valeri Bure) at 14:17 (PP)
Penalties :
Valeri Bure (Out) for Hooking (Minor) at 9:40, Rico Fata (Que) for Hooking (Minor) at 14:12, Aaron Voros (Out) for Tripping (Minor) at 19:02, Aaron Ward (Out) for High sticking (Minor) at 19:10
3rd period
6. National , Jonathan Cheechoo 23 (Jan Hejda) at 0:19 (PP)
7. Scraper , Aaron Ward 11 (Mike Knuble, Pernell Karl Subban) at 1:23
8. National , Dean McAmmond 50 (Rico Fata, Dustin Kohn) at 3:45
9. Scraper , Logan Couture 30 (Alexander Radulov) at 7:10
10. Scraper , Jamie Benn 26 (Alexander Radulov, Pernell Karl Subban) at 7:58
11. Scraper , Petr Sykora 34 (Aaron Voros, Paul Ranger) at 13:44
12. Scraper , Valeri Bure 15 (Paul Ranger, Martin Hanzal) at 16:52
13. Scraper , Riley Armstrong 22 (Petr Sykora, Aaron Ward) at 17:27
Penalties :
No Penalty
Goalie Stats
Tyler Plante (Que), 31 saves from 39 shots - (0,795), L, 11-12-0, 60:00 minutes
Peter Mannino (Out), 32 saves from 37 shots - (0,865), W, 12-6-2, 60:00 minutes
Players Stats for National
Player Name G A P +/- PIM S H SB GA TA FO MP PP MP PK MP
------------------------------------------------------------------------------------
Ben Maxwell 0 0 0 0 0 0 0 0 0 0 0/3 8:32 0:00 0:46
Cédric Lalonde-McNicoll 0 0 0 -2 0 0 1 0 0 0 4/6 11:55 0:00 0:19
Daniel Rahimi 0 0 0 0 0 0 0 0 0 0 0/0 0:00 0:00 0:00
Dean McAmmond 1 3 4 1 2 5 4 0 0 0 24/48 22:23 2:29 0:05
Denis Bodrov 0 0 0 -3 0 0 0 0 0 0 0/0 10:32 0:00 0:00
Dustin Kohn 0 1 1 0 0 2 0 0 0 0 0/0 17:15 1:12 0:45
Erik Gustafsson 0 0 0 0 0 0 0 0 0 1 0/0 6:00 0:00 0:00
Guillaume Desbiens 0 0 0 -2 0 2 2 1 0 0 0/0 16:15 1:37 0:00
Igor Makarov 0 0 0 -2 0 1 1 1 1 0 1/1 12:27 0:00 0:51
Jan Hejda 0 1 1 0 0 3 1 5 1 1 0/0 26:13 2:54 1:19
Jarod Palmer 0 0 0 -2 0 1 2 0 0 0 1/4 16:15 1:37 0:00
Jesse Joensuu 0 0 0 -2 0 2 0 0 1 0 0/0 11:39 0:01 0:00
Johannes Salmonsson 0 0 0 0 0 3 0 0 0 0 0/0 8:37 0:00 0:51
Jonathan Cheechoo 2 2 4 1 0 8 1 0 0 1 1/4 22:27 2:29 0:08
Kelsey Tessier 0 0 0 0 0 0 0 0 0 0 0/0 0:00 0:00 0:00
Kristoffer Berglund 0 0 0 0 0 0 0 0 0 0 0/0 0:00 0:00 0:00
Mathieu Carle 0 0 0 0 0 2 0 0 0 0 0/0 26:07 2:50 1:19
Matt Donovan 0 0 0 0 0 0 0 1 0 0 0/0 6:00 0:00 0:00
Pasi Salonen 0 0 0 -2 0 1 0 2 0 1 1/1 17:12 1:37 0:08
Philip DeSimone 0 0 0 0 0 0 0 0 0 0 0/0 0:00 0:00 0:00
Rico Fata 2 2 4 1 2 6 0 2 0 1 1/2 22:26 2:28 1:00
Ty Wishart 0 0 0 -3 0 0 1 2 1 0 0/0 10:38 0:04 0:00
William Colbert 0 0 0 0 0 1 2 1 1 1 0/0 17:15 1:12 0:45
Yuri Alexandrov 0 0 0 0 0 0 0 0 0 0 0/0 0:00 0:00 0:00
Zack Stortini 0 0 0 0 0 0 1 0 0 0 0/0 7:46 0:00 0:00
Players Stats for Scraper
Player Name G A P +/- PIM S H SB GA TA FO MP PP MP PK MP
------------------------------------------------------------------------------------
Aaron Voros 0 1 1 2 2 1 0 0 0 1 0/2 15:14 0:51 0:40
Aaron Ward 1 2 3 4 2 5 0 2 1 1 0/0 24:14 1:05 1:22
Alexander Radulov 0 3 3 1 0 3 1 3 1 0 0/3 19:36 0:51 0:14
Ben Eager 0 0 0 1 0 4 3 0 0 0 0/0 13:02 0:00 0:28
Eric Gryba 0 0 0 1 0 1 2 1 0 0 0/0 14:58 0:00 0:00
Jamie Benn 2 0 2 0 0 4 2 0 0 0 0/0 19:16 1:13 0:00
Karl Alzner 0 0 0 2 0 0 0 2 0 0 0/0 16:13 0:00 1:01
Logan Couture 2 1 3 0 0 5 0 0 1 1 14/31 20:00 1:13 0:44
Martin Hanzal 0 1 1 1 0 2 0 0 0 0 4/7 13:09 0:00 0:35
Matt Martin 0 0 0 -1 0 1 2 0 0 0 1/1 9:55 0:00 0:40
Michael Del Zotto 0 0 0 -2 0 0 1 2 0 1 0/0 19:46 0:59 1:42
Mike Knuble 0 1 1 0 0 0 0 1 0 0 0/0 9:43 0:00 0:14
Paul Ranger 0 2 2 -1 0 3 0 3 1 0 0/0 23:36 0:59 3:05
Pernell Karl Subban 0 2 2 3 0 0 0 1 0 0 0/0 21:26 1:05 1:01
Petr Sykora 1 1 2 2 0 2 0 2 0 0 0/0 15:19 0:00 1:35
Riley Armstrong 1 0 1 2 0 3 3 0 1 0 10/14 14:35 0:51 0:00
Roman Cervenka 0 0 0 -1 0 2 0 0 1 0 2/3 9:15 0:00 0:00
Valeri Bure 1 1 2 1 2 3 1 1 0 1 5/8 15:25 1:13 1:53
3 Stars
1 - Jonathan Cheechoo (Que)
2 - Rico Fata (Que)
3 - Dean McAmmond (Que)
Power Play
National - 1 on 3 Attempt(s) - 33,33%
Scraper - 1 on 2 Attempt(s) - 50,00%
Penalty Kill
National - 1 on 2 Attempt(s) - 50,00%
- Score 0 goal in Penalty Kill
Scraper - 2 on 3 Attempt(s) - 66,67%
- Score 0 goal in Penalty Kill
Official
Referees : Leggo Mike and Martell Rob
Linesman : Don Henderson and Jean Morin
Game Notes
No Game Note
Finance
Level 1 -- Attendance: 1446 (72,30%) -- Ticket Income 57 840 $
Level 2 -- Attendance: 702 (70,20%) -- Ticket Income 14 040 $
Total Attendance: 2148 (71,60%)
Total Ticket Income: 71 880 $
Other Income: 3 594 $
Total Income: 75 474 $
National
5 vs 5 Forward
Center Left Wing Right Wing Time % Phy DF OF
1 Dean McAmmond Rico Fata Jonathan Cheechoo 40 1 2 2
2 Jarod Palmer Pasi Salonen Guillaume Desbiens 30 1 2 2
3 Cédric Lalonde-McNicoll Jesse Joensuu Igor Makarov 20 1 2 2
4 Ben Maxwell Johannes Salmonsson Zack Stortini 10 1 2 2
5 vs 5 Defense
Defense Defense Time % Phy DF OF
1 Jan Hejda Mathieu Carle 40 1 2 2
2 William Colbert Dustin Kohn 30 1 2 2
3 Ty Wishart Denis Bodrov 20 1 2 2
4 Matt Donovan Erik Gustafsson 10 1 2 2
PowerPlay Forward
Center Left Wing Right Wing Time % Phy DF OF
1 Dean McAmmond Rico Fata Jonathan Cheechoo 60 1 2 2
2 Jarod Palmer Pasi Salonen Guillaume Desbiens 40 1 2 2
PowerPlay Defense
Defense Defense Time % Phy DF OF
1 Jan Hejda Mathieu Carle 60 1 2 2
2 William Colbert Dustin Kohn 40 1 2 2
Penalty Kill 4 Players Forward
Center Wing Time % Phy DF OF
1 Dean McAmmond Rico Fata 60 1 2 2
2 Pasi Salonen Jonathan Cheechoo 40 1 2 2
Penalty Kill 4 Players Defense
Defense Defense Time % Phy DF OF
1 Jan Hejda Mathieu Carle 60 1 2 2
2 William Colbert Dustin Kohn 40 1 2 2
Penalty Kill - 3 Players Forward
Forward Time % Phy DF OF
1 Dean McAmmond 60 1 2 2
2 Rico Fata 40 1 2 2
Penalty Kill - 3 Players Defense
Defense Defense Time % Phy DF OF
1 Jan Hejda Mathieu Carle 60 1 2 2
2 William Colbert Dustin Kohn 40 1 2 2
4 vs 4 Forward
Center Wing Time % Phy DF OF
1 Dean McAmmond Rico Fata 60 1 2 2
2 Pasi Salonen Jonathan Cheechoo 40 1 2 2
4 vs 4 Defense
Defense Defense Time % Phy DF OF
1 Jan Hejda Mathieu Carle 60 1 2 2
2 William Colbert Dustin Kohn 40 1 2 2
Last Minutes Offensive
Center Left Wing Right Wing Defense Defense
Dean McAmmond Rico Fata Jonathan Cheechoo Jan Hejda Mathieu Carle
Last Minutes Defensive
Center Left Wing Right Wing Defense Defense
Dean McAmmond Rico Fata Jonathan Cheechoo Jan Hejda Mathieu Carle
Goaltenders
Starting : Tyler Plante
Backup : Trevor Cann
Extra Forwards
Normal : Jesse Joensuu, Johannes Salmonsson, Igor Makarov - PP : Jesse Joensuu, Johannes Salmonsson - PK : Igor Makarov
Extra Defensemen
Normal : Ty Wishart, Denis Bodrov, Matt Donovan - PP : Ty Wishart - PK : Denis Bodrov, Matt Donovan
Penalty Shots
Dean McAmmond, Rico Fata, Pasi Salonen, Jonathan Cheechoo, Guillaume Desbiens
Scraper
5 vs 5 Forward
Center Left Wing Right Wing Time % Phy DF OF
1 Logan Couture Jamie Benn Alexander Radulov 40 1 2 2
2 Riley Armstrong Aaron Voros Petr Sykora 30 1 2 2
3 Martin Hanzal Ben Eager Valeri Bure 20 1 2 2
4 Roman Cervenka Matt Martin Mike Knuble 10 1 2 2
5 vs 5 Defense
Defense Defense Time % Phy DF OF
1 Aaron Ward Pernell Karl Subban 40 1 2 2
2 Paul Ranger Michael Del Zotto 35 1 2 2
3 Eric Gryba Karl Alzner 15 1 2 2
4 Aaron Ward Paul Ranger 10 1 2 2
PowerPlay Forward
Center Left Wing Right Wing Time % Phy DF OF
1 Logan Couture Jamie Benn Valeri Bure 60 1 2 2
2 Riley Armstrong Aaron Voros Alexander Radulov 40 1 2 2
PowerPlay Defense
Defense Defense Time % Phy DF OF
1 Aaron Ward Pernell Karl Subban 60 1 2 2
2 Michael Del Zotto Paul Ranger 40 1 2 2
Penalty Kill 4 Players Forward
Center Wing Time % Phy DF OF
1 Valeri Bure Petr Sykora 60 1 2 2
2 Alexander Radulov Mike Knuble 40 1 2 2
Penalty Kill 4 Players Defense
Defense Defense Time % Phy DF OF
1 Aaron Ward Paul Ranger 60 1 2 2
2 Pernell Karl Subban Karl Alzner 40 1 2 2
Penalty Kill - 3 Players Forward
Forward Time % Phy DF OF
1 Valeri Bure 60 1 2 2
2 Petr Sykora 40 1 2 2
Penalty Kill - 3 Players Defense
Defense Defense Time % Phy DF OF
1 Aaron Ward Paul Ranger 60 1 2 2
2 Pernell Karl Subban Karl Alzner 40 1 2 2
4 vs 4 Forward
Center Wing Time % Phy DF OF
1 Valeri Bure Petr Sykora 60 1 2 2
2 Alexander Radulov Mike Knuble 40 1 2 2
4 vs 4 Defense
Defense Defense Time % Phy DF OF
1 Aaron Ward Paul Ranger 60 1 2 2
2 Pernell Karl Subban Karl Alzner 40 1 2 2
Last Minutes Offensive
Center Left Wing Right Wing Defense Defense
Logan Couture Jamie Benn Alexander Radulov Aaron Ward Pernell Karl Subban
Last Minutes Defensive
Center Left Wing Right Wing Defense Defense
Riley Armstrong Ben Eager Valeri Bure Aaron Ward Paul Ranger
Goaltenders
Starting : Peter Mannino
Backup : Joacim Eriksson
Extra Forwards
Normal : Logan Couture, Jamie Benn, Matt Martin - PP : Logan Couture, Jamie Benn - PK : Matt Martin
Extra Defensemen
Normal : Eric Gryba, Michael Del Zotto, Pernell Karl Subban - PP : Eric Gryba - PK : Michael Del Zotto, Pernell Karl Subban
Penalty Shots
Valeri Bure, Petr Sykora, Alexander Radulov, Mike Knuble, Riley Armstrong
% Time on Ice - National
Lines # - Real PCT - Wanted PCT - Time Play
Normal Forward
1 - 35% - 40% - 19:01
2 - 29% - 30% - 15:27
3 - 22% - 20% - 11:36
4 - 14% - 10% - 7:46
Normal Defense
1 - 41% - 40% - 22:00
2 - 28% - 30% - 15:18
3 - 20% - 20% - 10:32
4 - 11% - 10% - 6:00
PP Forward
1 - 61% - 60% - 2:29
2 - 39% - 40% - 1:37
PP Defense
1 - 71% - 60% - 2:54
2 - 29% - 40% - 1:12
PK Forward
1 - 94% - 60% - 1:56
2 - 6% - 40% - 0:08
PK Defense
1 - 64% - 60% - 1:19
2 - 36% - 40% - 0:45
PK3 Forward
1 - 0% - 60%
2 - 0% - 40%
PK3 Defense
1 - 0% - 60%
2 - 0% - 40%
44 Forward
1 - 0% - 60%
2 - 0% - 40%
44 Defense
1 - 0% - 60%
2 - 0% - 40%
Last Minute Offensive - 0:00
Last Minute Defensive - 0:00
Total
Forward - 60:00
Defense - 60:00
|
% Time on Ice - Scraper
Lines # - Real PCT - Wanted PCT - Time Play
Normal Forward
1 - 34% - 40% - 18:27
2 - 26% - 30% - 13:58
3 - 23% - 20% - 12:10
4 - 17% - 10% - 9:15
Normal Defense
1 - 37% - 40% - 19:49
2 - 32% - 35% - 17:19
3 - 28% - 15% - 14:58
4 - 3% - 10% - 1:44
PP Forward
1 - 59% - 60% - 1:13
2 - 41% - 40% - 0:51
PP Defense
1 - 52% - 60% - 1:05
2 - 48% - 40% - 0:59
PK Forward
1 - 92% - 60% - 2:43
2 - 8% - 40% - 0:14
PK Defense
1 - 66% - 60% - 1:56
2 - 34% - 40% - 1:01
PK3 Forward
1 - 100% - 60% - 1:09
2 - 0% - 40% - 0:00
PK3 Defense
1 - 100% - 60% - 1:09
2 - 0% - 40% - 0:00
44 Forward
1 - 0% - 60%
2 - 0% - 40%
44 Defense
1 - 0% - 60%
2 - 0% - 40%
Last Minute Offensive - 0:00
Last Minute Defensive - 0:00
Total
Forward - 60:00
Defense - 60:00
|
Play by Play
1st period
0:01 of 1st period - Logan Couture wins face-off versus Dean McAmmond in neutral zone.
0:03 of 1st period - Off-side.
0:04 of 1st period - Dean McAmmond wins face-off versus Logan Couture in neutral zone.
0:09 of 1st period - Wrist shot by Dean McAmmond.
0:09 of 1st period - Stopped by Peter Mannino without a rebound.
0:10 of 1st period - Logan Couture wins face-off versus Dean McAmmond in Scraper zone.
0:10 of 1st period - Logan Couture is hit by Jonathan Cheechoo.
0:18 of 1st period - Backhand shot by Alexander Radulov.
0:18 of 1st period - Deflect By Jamie Benn.
0:18 of 1st period - Stopped by Tyler Plante with a rebound.
0:20 of 1st period - Backhand shot by Aaron Ward.
0:20 of 1st period - Stopped by Tyler Plante with a rebound.
0:28 of 1st period - Snap shot by Alexander Radulov.
0:28 of 1st period - Shot Blocked by Jan Hejda.
0:30 of 1st period - Wrist shot by Logan Couture.
0:30 of 1st period - Stopped by Tyler Plante without a rebound.
0:31 of 1st period - Jarod Palmer wins face-off versus Riley Armstrong in National zone.
0:36 of 1st period - Aaron Voros is hit by Jarod Palmer and loses puck.
0:57 of 1st period - William Colbert is hit by Matt Martin and loses puck.
1:08 of 1st period - Wrist shot by Guillaume Desbiens.
1:08 of 1st period - Shot Misses the Net.
1:48 of 1st period - Snap shot by Igor Makarov.
1:48 of 1st period - Stopped by Peter Mannino with a rebound.
2:04 of 1st period - Wrist shot by Jonathan Cheechoo.
2:04 of 1st period - Stopped by Peter Mannino with a rebound.
2:06 of 1st period - Backhand shot by Dean McAmmond.
2:06 of 1st period - Stopped by Peter Mannino with a rebound.
2:24 of 1st period - Slapshot by Johannes Salmonsson.
2:24 of 1st period - Shot Misses the Net.
2:26 of 1st period - Snap shot by Johannes Salmonsson.
2:26 of 1st period - Shot Misses the Net.
2:28 of 1st period - Snap shot by Johannes Salmonsson.
2:28 of 1st period - Shot Misses the Net.
2:30 of 1st period - Slapshot by Johannes Salmonsson.
2:30 of 1st period - Stopped by Peter Mannino without a rebound.
2:31 of 1st period - Logan Couture wins face-off versus Dean McAmmond in Scraper zone.
2:33 of 1st period - Icing by Alexander Radulov.
2:34 of 1st period - Dean McAmmond wins face-off versus Alexander Radulov in Scraper zone.
2:45 of 1st period - Snap shot by Jonathan Cheechoo.
2:45 of 1st period - Stopped by Peter Mannino with a rebound.
2:47 of 1st period - Slapshot by Dean McAmmond.
2:47 of 1st period - Deflect By Jonathan Cheechoo.
2:47 of 1st period - Goal by Jonathan Cheechoo - National : 1 - Scraper : 0.
2:48 of 1st period - Cédric Lalonde-McNicoll wins face-off versus Aaron Voros in neutral zone.
2:50 of 1st period - Off-side.
2:51 of 1st period - Riley Armstrong wins face-off versus Cédric Lalonde-McNicoll in neutral zone.
4:09 of 1st period - Wrist shot by Pasi Salonen.
4:09 of 1st period - Shot Misses the Net.
5:02 of 1st period - Matt Donovan is hit by Eric Gryba and loses puck.
5:25 of 1st period - Snap shot by Roman Cervenka.
5:25 of 1st period - Deflect By Matt Martin.
5:25 of 1st period - Stopped by Tyler Plante without a rebound.
5:26 of 1st period - Logan Couture wins face-off versus Dean McAmmond in National zone.
5:32 of 1st period - Icing by Jonathan Cheechoo.
5:33 of 1st period - Logan Couture wins face-off versus Dean McAmmond in National zone.
5:36 of 1st period - Wrist shot by Alexander Radulov.
5:36 of 1st period - Shot Blocked by Jan Hejda.
5:38 of 1st period - Slapshot by Aaron Ward.
5:38 of 1st period - Shot Misses the Net.
5:40 of 1st period - Slapshot by Aaron Ward.
5:40 of 1st period - Shot Misses the Net.
5:42 of 1st period - Slapshot by Aaron Ward.
5:42 of 1st period - Shot Misses the Net.
5:44 of 1st period - Wrist shot by Alexander Radulov.
5:44 of 1st period - Stopped by Tyler Plante with a rebound.
5:46 of 1st period - Backhand shot by Pernell Karl Subban.
5:46 of 1st period - Shot Blocked by Rico Fata.
6:03 of 1st period - Slapshot by Petr Sykora.
6:03 of 1st period - Shot Misses the Net.
6:23 of 1st period - Snap shot by Jesse Joensuu.
6:23 of 1st period - Stopped by Peter Mannino with a rebound.
6:25 of 1st period - Backhand shot by Jan Hejda.
6:25 of 1st period - Deflect By Jesse Joensuu.
6:25 of 1st period - Shot Misses the Net.
6:25 of 1st period - Puck is out of play.
6:26 of 1st period - Rico Fata wins face-off versus Logan Couture in Scraper zone.
6:39 of 1st period - Snap shot by Dean McAmmond.
6:39 of 1st period - Stopped by Peter Mannino with a rebound.
7:20 of 1st period - Wrist shot by Guillaume Desbiens.
7:20 of 1st period - Shot Blocked by Pernell Karl Subban.
7:36 of 1st period - Pernell Karl Subban is hit by William Colbert and loses puck.
7:40 of 1st period - Icing by Mike Knuble.
7:41 of 1st period - Dean McAmmond wins face-off versus Roman Cervenka in Scraper zone.
8:02 of 1st period - Slapshot by Aaron Ward.
8:02 of 1st period - Shot Blocked by Jan Hejda.
8:04 of 1st period - Snap shot by Mike Knuble.
8:04 of 1st period - Shot Misses the Net.
8:16 of 1st period - Wrist shot by Mike Knuble.
8:16 of 1st period - Shot Hit the Post.
8:18 of 1st period - Slapshot by Aaron Ward.
8:18 of 1st period - Stopped by Tyler Plante without a rebound.
8:19 of 1st period - Dean McAmmond wins face-off versus Logan Couture in National zone.
8:48 of 1st period - Cédric Lalonde-McNicoll is hit by Riley Armstrong and loses puck.
9:07 of 1st period - Jan Hejda is hit by Ben Eager and loses puck.
9:49 of 1st period - Mathieu Carle is hit by Alexander Radulov and loses puck.
9:56 of 1st period - Snap shot by Rico Fata.
9:56 of 1st period - Shot Blocked by Alexander Radulov.
10:03 of 1st period - Icing by Paul Ranger.
10:04 of 1st period - Cédric Lalonde-McNicoll wins face-off versus Riley Armstrong in Scraper zone.
11:18 of 1st period - Wrist shot by Mike Knuble.
11:18 of 1st period - Shot Misses the Net.
11:20 of 1st period - Wrist shot by Roman Cervenka.
11:20 of 1st period - Shot Misses the Net.
12:03 of 1st period - Backhand shot by Jonathan Cheechoo.
12:03 of 1st period - Stopped by Peter Mannino with a rebound.
12:13 of 1st period - Slapshot by Martin Hanzal.
12:13 of 1st period - Shot Blocked by Pasi Salonen.
12:15 of 1st period - Slapshot by Paul Ranger.
12:15 of 1st period - Shot Blocked by Matt Donovan.
12:17 of 1st period - Slapshot by Ben Eager.
12:17 of 1st period - Stopped by Tyler Plante without a rebound.
12:18 of 1st period - Pasi Salonen wins face-off versus Martin Hanzal in National zone.
12:43 of 1st period - Snap shot by Alexander Radulov.
12:43 of 1st period - Stopped by Tyler Plante without a rebound.
12:44 of 1st period - Dean McAmmond wins face-off versus Logan Couture in National zone.
12:51 of 1st period - Slapshot by Rico Fata.
12:51 of 1st period - Deflect By Jonathan Cheechoo.
12:51 of 1st period - Stopped by Peter Mannino with a rebound.
12:53 of 1st period - Slapshot by Jan Hejda.
12:53 of 1st period - Deflect By Rico Fata.
12:53 of 1st period - Shot Misses the Net.
12:53 of 1st period - Puck is out of play.
12:54 of 1st period - Dean McAmmond wins face-off versus Logan Couture in Scraper zone.
13:01 of 1st period - Wrist shot by Rico Fata.
13:01 of 1st period - Goal by Rico Fata - National : 2 - Scraper : 0.
13:02 of 1st period - Dean McAmmond wins face-off versus Logan Couture in neutral zone.
13:21 of 1st period - Minor Penalty to Dean McAmmond for Hooking.
13:22 of 1st period - Igor Makarov wins face-off versus Logan Couture in National zone.
14:53 of 1st period - Alexander Radulov is hit by Cédric Lalonde-McNicoll and loses puck.
15:21 of 1st period - Penalty to Dean McAmmond is over, Dean McAmmond is back on ice.
16:17 of 1st period - Snap shot by Jan Hejda.
16:17 of 1st period - Stopped by Peter Mannino without a rebound.
16:18 of 1st period - Cédric Lalonde-McNicoll wins face-off versus Martin Hanzal in Scraper zone.
16:19 of 1st period - Snap shot by Igor Makarov.
16:19 of 1st period - Deflect By Jesse Joensuu.
16:19 of 1st period - Stopped by Peter Mannino without a rebound.
16:20 of 1st period - Cédric Lalonde-McNicoll wins face-off versus Martin Hanzal in Scraper zone.
17:20 of 1st period - Wrist shot by Guillaume Desbiens.
17:20 of 1st period - Shot Misses the Net.
17:22 of 1st period - Snap shot by Pasi Salonen.
17:22 of 1st period - Deflect By Guillaume Desbiens.
17:22 of 1st period - Stopped by Peter Mannino without a rebound.
17:23 of 1st period - Roman Cervenka wins face-off versus Jarod Palmer in Scraper zone.
17:28 of 1st period - Slapshot by Paul Ranger.
17:28 of 1st period - Shot Misses the Net.
17:36 of 1st period - Paul Ranger is hit by Jarod Palmer and loses puck.
17:43 of 1st period - Slapshot by Michael Del Zotto.
17:43 of 1st period - Shot Blocked by Guillaume Desbiens.
17:45 of 1st period - Wrist shot by Roman Cervenka.
17:45 of 1st period - Stopped by Tyler Plante with a rebound.
18:03 of 1st period - Wrist shot by Karl Alzner.
18:03 of 1st period - Shot Blocked by Pasi Salonen.
18:09 of 1st period - Snap shot by Pasi Salonen.
18:09 of 1st period - Shot Blocked by Karl Alzner.
18:11 of 1st period - Snap shot by Guillaume Desbiens.
18:11 of 1st period - Stopped by Peter Mannino with a rebound.
18:13 of 1st period - Wrist shot by Pasi Salonen.
18:13 of 1st period - Shot Misses the Net.
18:18 of 1st period - Icing by Mike Knuble.
18:19 of 1st period - Roman Cervenka wins face-off versus Dean McAmmond in Scraper zone.
18:52 of 1st period - Wrist shot by Igor Makarov.
18:52 of 1st period - Shot Misses the Net.
18:54 of 1st period - Slapshot by Jan Hejda.
18:54 of 1st period - Stopped by Peter Mannino without a rebound.
18:55 of 1st period - Riley Armstrong wins face-off versus Dean McAmmond in Scraper zone.
19:04 of 1st period - Snap shot by Dean McAmmond.
19:04 of 1st period - Shot Blocked by Aaron Ward.
19:21 of 1st period - Cédric Lalonde-McNicoll is hit by Jamie Benn and loses puck.
19:55 of 1st period - Johannes Salmonsson is hit by Ben Eager and loses puck.
Goals for this period are 2 for National vs 0 for Scraper.
Shots for this period are 17 for National vs 9 for Scraper.
2nd period
0:01 of 2nd period - Dean McAmmond wins face-off versus Logan Couture in neutral zone.
0:06 of 2nd period - Slapshot by Jonathan Cheechoo.
0:06 of 2nd period - Stopped by Peter Mannino with a rebound.
0:08 of 2nd period - Wrist shot by Jonathan Cheechoo.
0:08 of 2nd period - Shot Blocked by Alexander Radulov.
0:10 of 2nd period - Snap shot by Jan Hejda.
0:10 of 2nd period - Shot Misses the Net.
0:12 of 2nd period - Wrist shot by Rico Fata.
0:12 of 2nd period - Stopped by Peter Mannino without a rebound.
0:13 of 2nd period - Dean McAmmond wins face-off versus Logan Couture in Scraper zone.
0:22 of 2nd period - Wrist shot by Alexander Radulov.
0:22 of 2nd period - Shot Misses the Net.
0:24 of 2nd period - Backhand shot by Paul Ranger.
0:24 of 2nd period - Stopped by Tyler Plante with a rebound.
0:28 of 2nd period - Snap shot by Logan Couture.
0:28 of 2nd period - Stopped by Tyler Plante with a rebound.
1:42 of 2nd period - Wrist shot by Pasi Salonen.
1:42 of 2nd period - Shot Misses the Net.
2:03 of 2nd period - Slapshot by Jan Hejda.
2:03 of 2nd period - Shot Blocked by Karl Alzner.
2:05 of 2nd period - Wrist shot by Mathieu Carle.
2:05 of 2nd period - Shot Blocked by Eric Gryba.
2:07 of 2nd period - Slapshot by Jan Hejda.
2:07 of 2nd period - Deflect By Pasi Salonen.
2:07 of 2nd period - Shot Misses the Net.
2:07 of 2nd period - Puck is out of play.
2:08 of 2nd period - Dean McAmmond wins face-off versus Aaron Voros in Scraper zone.
2:13 of 2nd period - Wrist shot by Dean McAmmond.
2:13 of 2nd period - Shot Blocked by Petr Sykora.
2:21 of 2nd period - Wrist shot by Rico Fata.
2:21 of 2nd period - Stopped by Peter Mannino with a rebound.
2:23 of 2nd period - Wrist shot by Dean McAmmond.
2:23 of 2nd period - Shot Misses the Net.
2:35 of 2nd period - Dustin Kohn is hit by Ben Eager and loses puck.
2:41 of 2nd period - Off-side.
2:42 of 2nd period - Riley Armstrong wins face-off versus Dean McAmmond in neutral zone.
3:01 of 2nd period - Aaron Ward is hit by Ty Wishart and loses puck.
3:16 of 2nd period - Snap shot by Valeri Bure.
3:16 of 2nd period - Shot Misses the Net.
3:22 of 2nd period - Wrist shot by Valeri Bure.
3:22 of 2nd period - Stopped by Tyler Plante without a rebound.
3:23 of 2nd period - Logan Couture wins face-off versus Ben Maxwell in National zone.
3:50 of 2nd period - Martin Hanzal is hit by Dean McAmmond.
4:51 of 2nd period - Pernell Karl Subban is hit by Dean McAmmond and loses puck.
5:16 of 2nd period - Snap shot by Valeri Bure.
5:16 of 2nd period - Shot Misses the Net.
5:18 of 2nd period - Wrist shot by Pernell Karl Subban.
5:18 of 2nd period - Shot Misses the Net.
5:20 of 2nd period - Slapshot by Martin Hanzal.
5:20 of 2nd period - Deflect By Ben Eager.
5:20 of 2nd period - Stopped by Tyler Plante with a rebound.
5:44 of 2nd period - Icing by Aaron Voros.
5:45 of 2nd period - Riley Armstrong wins face-off versus Dean McAmmond in Scraper zone.
5:52 of 2nd period - Snap shot by Petr Sykora.
5:52 of 2nd period - Shot Misses the Net.
5:56 of 2nd period - Snap shot by Riley Armstrong.
5:56 of 2nd period - Stopped by Tyler Plante without a rebound.
5:57 of 2nd period - Dean McAmmond wins face-off versus Logan Couture in National zone.
6:32 of 2nd period - Snap shot by Riley Armstrong.
6:32 of 2nd period - Shot Misses the Net.
6:34 of 2nd period - Wrist shot by Petr Sykora.
6:34 of 2nd period - Shot Blocked by William Colbert.
6:54 of 2nd period - Pasi Salonen is hit by Valeri Bure and loses puck.
7:09 of 2nd period - Ben Maxwell is hit by Matt Martin and loses puck.
7:14 of 2nd period - Wrist shot by Mike Knuble.
7:14 of 2nd period - Shot Misses the Net.
7:32 of 2nd period - Snap shot by Rico Fata.
7:32 of 2nd period - Stopped by Peter Mannino with a rebound.
7:34 of 2nd period - Slapshot by Rico Fata.
7:34 of 2nd period - Goal by Rico Fata - National : 3 - Scraper : 0.
7:35 of 2nd period - Jonathan Cheechoo wins face-off versus Logan Couture in neutral zone.
8:11 of 2nd period - Snap shot by Aaron Voros.
8:11 of 2nd period - Stopped by Tyler Plante without a rebound.
8:12 of 2nd period - Dean McAmmond wins face-off versus Logan Couture in National zone.
8:27 of 2nd period - Snap shot by Logan Couture.
8:27 of 2nd period - Goal by Logan Couture - National : 3 - Scraper : 1.
8:28 of 2nd period - Logan Couture wins face-off versus Dean McAmmond in neutral zone.
8:31 of 2nd period - Slapshot by Jamie Benn.
8:31 of 2nd period - Stopped by Tyler Plante with a rebound.
8:33 of 2nd period - Slapshot by Paul Ranger.
8:33 of 2nd period - Stopped by Tyler Plante with a rebound.
8:35 of 2nd period - Backhand shot by Paul Ranger.
8:35 of 2nd period - Deflect By Logan Couture.
8:35 of 2nd period - Shot Blocked by Rico Fata.
8:35 of 2nd period - Puck is out of play.
8:36 of 2nd period - Logan Couture wins face-off versus Dean McAmmond in National zone.
9:24 of 2nd period - Backhand shot by Martin Hanzal.
9:24 of 2nd period - Stopped by Tyler Plante with a rebound.
9:26 of 2nd period - Snap shot by Ben Eager.
9:26 of 2nd period - Stopped by Tyler Plante with a rebound.
9:40 of 2nd period - Minor Penalty to Valeri Bure for Hooking.
9:41 of 2nd period - Matt Martin wins face-off versus Dean McAmmond in Scraper zone.
10:22 of 2nd period - Slapshot by Jan Hejda.
10:22 of 2nd period - Shot Blocked by Petr Sykora.
10:24 of 2nd period - Wrist shot by Guillaume Desbiens.
10:24 of 2nd period - Shot Blocked by Paul Ranger.
11:40 of 2nd period - Penalty to Valeri Bure is over, Valeri Bure is back on ice.
11:51 of 2nd period - Wrist shot by Ben Maxwell.
11:51 of 2nd period - Shot Misses the Net.
11:53 of 2nd period - Slapshot by Ben Maxwell.
11:53 of 2nd period - Shot Misses the Net.
11:55 of 2nd period - Wrist shot by Johannes Salmonsson.
11:55 of 2nd period - Shot Blocked by Valeri Bure.
11:57 of 2nd period - Snap shot by Johannes Salmonsson.
11:57 of 2nd period - Stopped by Peter Mannino with a rebound.
12:15 of 2nd period - Snap shot by Paul Ranger.
12:15 of 2nd period - Deflect By Jesse Joensuu.
12:15 of 2nd period - Stopped by Tyler Plante with a rebound.
12:17 of 2nd period - Slapshot by Paul Ranger.
12:17 of 2nd period - Shot Misses the Net.
12:19 of 2nd period - Snap shot by Matt Martin.
12:19 of 2nd period - Shot Misses the Net.
12:45 of 2nd period - Icing by Logan Couture.
12:46 of 2nd period - Riley Armstrong wins face-off versus Ben Maxwell in Scraper zone.
13:31 of 2nd period - Matt Martin is hit by Dean McAmmond and loses puck.
13:56 of 2nd period - Wrist shot by Pasi Salonen.
13:56 of 2nd period - Stopped by Peter Mannino without a rebound.
13:57 of 2nd period - Dean McAmmond wins face-off versus Logan Couture in Scraper zone.
14:12 of 2nd period - Minor Penalty to Rico Fata for Hooking.
14:13 of 2nd period - Valeri Bure wins face-off versus Dean McAmmond in National zone.
14:15 of 2nd period - Snap shot by Logan Couture.
14:15 of 2nd period - Shot Misses the Net.
14:17 of 2nd period - Snap shot by Jamie Benn.
14:17 of 2nd period - Goal by Jamie Benn - National : 3 - Scraper : 2.
14:18 of 2nd period - Logan Couture wins face-off versus Dean McAmmond in neutral zone.
14:23 of 2nd period - Off-side.
14:24 of 2nd period - Dean McAmmond wins face-off versus Alexander Radulov in neutral zone.
14:39 of 2nd period - Jan Hejda is hit by Jamie Benn.
14:53 of 2nd period - Snap shot by Alexander Radulov.
14:53 of 2nd period - Shot Misses the Net.
15:19 of 2nd period - Jamie Benn is hit by Guillaume Desbiens.
16:21 of 2nd period - Slapshot by Mike Knuble.
16:21 of 2nd period - Shot Blocked by Igor Makarov.
16:23 of 2nd period - Slapshot by Aaron Ward.
16:23 of 2nd period - Shot Misses the Net.
16:25 of 2nd period - Wrist shot by Pernell Karl Subban.
16:25 of 2nd period - Shot Blocked by Ty Wishart.
16:27 of 2nd period - Wrist shot by Mike Knuble.
16:27 of 2nd period - Shot Misses the Net.
16:29 of 2nd period - Wrist shot by Roman Cervenka.
16:29 of 2nd period - Shot Blocked by Ty Wishart.
16:31 of 2nd period - Slapshot by Aaron Ward.
16:31 of 2nd period - Stopped by Tyler Plante without a rebound.
16:32 of 2nd period - Riley Armstrong wins face-off versus Jarod Palmer in National zone.
17:04 of 2nd period - Slapshot by Aaron Ward.
17:04 of 2nd period - Stopped by Tyler Plante with a rebound.
17:06 of 2nd period - Snap shot by Aaron Ward.
17:06 of 2nd period - Deflect By Mike Knuble.
17:06 of 2nd period - Shot Misses the Net.
17:06 of 2nd period - Puck is out of play.
17:07 of 2nd period - Logan Couture wins face-off versus Dean McAmmond in National zone.
17:18 of 2nd period - Slapshot by Alexander Radulov.
17:18 of 2nd period - Deflect By Logan Couture.
17:18 of 2nd period - Stopped by Tyler Plante without a rebound.
17:19 of 2nd period - Dean McAmmond wins face-off versus Riley Armstrong in National zone.
17:26 of 2nd period - Slapshot by Dustin Kohn.
17:26 of 2nd period - Deflect By Jonathan Cheechoo.
17:26 of 2nd period - Stopped by Peter Mannino with a rebound.
18:14 of 2nd period - Snap shot by Martin Hanzal.
18:14 of 2nd period - Shot Blocked by Jan Hejda.
18:30 of 2nd period - Roman Cervenka is hit by Zack Stortini and loses puck.
18:37 of 2nd period - Snap shot by Johannes Salmonsson.
18:37 of 2nd period - Shot Blocked by Michael Del Zotto.
18:39 of 2nd period - Snap shot by Johannes Salmonsson.
18:39 of 2nd period - Shot Misses the Net.
18:57 of 2nd period - Slapshot by Rico Fata.
18:57 of 2nd period - Deflect By Dean McAmmond.
18:57 of 2nd period - Shot Blocked by Mike Knuble.
18:57 of 2nd period - Puck is out of play.
18:58 of 2nd period - Dean McAmmond wins face-off versus Riley Armstrong in Scraper zone.
19:02 of 2nd period - Minor Penalty to Aaron Voros for Tripping.
19:03 of 2nd period - Valeri Bure wins face-off versus Rico Fata in Scraper zone.
19:10 of 2nd period - Minor Penalty to Aaron Ward for High sticking.
19:11 of 2nd period - Dean McAmmond wins face-off versus Valeri Bure in Scraper zone.
19:15 of 2nd period - Slapshot by Dean McAmmond.
19:15 of 2nd period - Stopped by Peter Mannino without a rebound.
19:16 of 2nd period - Valeri Bure wins face-off versus Dean McAmmond in Scraper zone.
19:51 of 2nd period - Snap shot by Guillaume Desbiens.
19:51 of 2nd period - Shot Misses the Net.
19:53 of 2nd period - Snap shot by Mathieu Carle.
19:53 of 2nd period - Shot Blocked by Michael Del Zotto.
Goals for this period are 1 for National vs 2 for Scraper.
Shots for this period are 9 for National vs 16 for Scraper.
3rd period
0:01 of 3rd period - Dean McAmmond wins face-off versus Valeri Bure in neutral zone.
0:04 of 3rd period - Slapshot by Mathieu Carle.
0:04 of 3rd period - Stopped by Peter Mannino without a rebound.
0:05 of 3rd period - Valeri Bure wins face-off versus Dean McAmmond in Scraper zone.
0:05 of 3rd period - Valeri Bure is hit by Dean McAmmond.
0:19 of 3rd period - Wrist shot by Jonathan Cheechoo.
0:19 of 3rd period - Goal by Jonathan Cheechoo - National : 4 - Scraper : 2.
0:20 of 3rd period - Valeri Bure wins face-off versus Dean McAmmond in neutral zone.
0:25 of 3rd period - Slapshot by Valeri Bure.
0:25 of 3rd period - Stopped by Tyler Plante without a rebound.
0:26 of 3rd period - Dean McAmmond wins face-off versus Valeri Bure in National zone.
1:10 of 3rd period - Penalty to Aaron Ward is over, Aaron Ward is back on ice.
1:23 of 3rd period - Snap shot by Aaron Ward.
1:23 of 3rd period - Goal by Aaron Ward - National : 4 - Scraper : 3.
1:24 of 3rd period - Dean McAmmond wins face-off versus Alexander Radulov in neutral zone.
1:49 of 3rd period - Guillaume Desbiens is hit by Riley Armstrong and loses puck.
2:38 of 3rd period - Martin Hanzal is hit by Jan Hejda and loses puck.
3:45 of 3rd period - Snap shot by Rico Fata.
3:45 of 3rd period - Deflect By Dean McAmmond.
3:45 of 3rd period - Goal by Dean McAmmond - National : 5 - Scraper : 3.
3:46 of 3rd period - Logan Couture wins face-off versus Jonathan Cheechoo in neutral zone.
4:11 of 3rd period - Pasi Salonen is hit by Michael Del Zotto and loses puck.
4:18 of 3rd period - Slapshot by Jarod Palmer.
4:18 of 3rd period - Stopped by Peter Mannino without a rebound.
4:19 of 3rd period - Riley Armstrong wins face-off versus Dean McAmmond in Scraper zone.
4:23 of 3rd period - Off-side.
4:24 of 3rd period - Riley Armstrong wins face-off versus Dean McAmmond in neutral zone.
4:49 of 3rd period - Snap shot by Aaron Ward.
4:49 of 3rd period - Shot Blocked by Jan Hejda.
4:51 of 3rd period - Slapshot by Aaron Ward.
4:51 of 3rd period - Shot Misses the Net.
5:13 of 3rd period - Slapshot by Mathieu Carle.
5:13 of 3rd period - Stopped by Peter Mannino without a rebound.
5:14 of 3rd period - Martin Hanzal wins face-off versus Ben Maxwell in Scraper zone.
5:23 of 3rd period - Snap shot by Johannes Salmonsson.
5:23 of 3rd period - Stopped by Peter Mannino with a rebound.
5:25 of 3rd period - Snap shot by Johannes Salmonsson.
5:25 of 3rd period - Shot Misses the Net.
5:29 of 3rd period - Snap shot by Ben Maxwell.
5:29 of 3rd period - Shot Blocked by Paul Ranger.
5:38 of 3rd period - Off-side.
5:39 of 3rd period - Dean McAmmond wins face-off versus Logan Couture in neutral zone.
5:44 of 3rd period - Snap shot by Rico Fata.
5:44 of 3rd period - Stopped by Peter Mannino with a rebound.
6:33 of 3rd period - Icing by Michael Del Zotto.
6:34 of 3rd period - Martin Hanzal wins face-off versus Jonathan Cheechoo in Scraper zone.
7:05 of 3rd period - Pasi Salonen is hit by Eric Gryba and loses puck.
7:10 of 3rd period - Wrist shot by Logan Couture.
7:10 of 3rd period - Goal by Logan Couture - National : 5 - Scraper : 4.
7:11 of 3rd period - Dean McAmmond wins face-off versus Logan Couture in neutral zone.
7:25 of 3rd period - Off-side.
7:26 of 3rd period - Riley Armstrong wins face-off versus Jarod Palmer in neutral zone.
7:56 of 3rd period - Wrist shot by Alexander Radulov.
7:56 of 3rd period - Stopped by Tyler Plante with a rebound.
7:58 of 3rd period - Slapshot by Jamie Benn.
7:58 of 3rd period - Goal by Jamie Benn - National : 5 - Scraper : 5.
7:59 of 3rd period - Logan Couture wins face-off versus Dean McAmmond in neutral zone.
10:35 of 3rd period - Wrist shot by Alexander Radulov.
10:35 of 3rd period - Shot Misses the Net.
11:35 of 3rd period - Snap shot by Jesse Joensuu.
11:35 of 3rd period - Shot Misses the Net.
11:37 of 3rd period - Wrist shot by Jesse Joensuu.
11:37 of 3rd period - Shot Misses the Net.
11:39 of 3rd period - Wrist shot by Cédric Lalonde-McNicoll.
11:39 of 3rd period - Deflect By Paul Ranger.
11:39 of 3rd period - Shot Blocked by Paul Ranger.
11:39 of 3rd period - Puck is out of play.
11:40 of 3rd period - Dean McAmmond wins face-off versus Logan Couture in Scraper zone.
11:47 of 3rd period - Snap shot by Rico Fata.
11:47 of 3rd period - Shot Blocked by Alexander Radulov.
11:49 of 3rd period - Snap shot by Rico Fata.
11:49 of 3rd period - Shot Misses the Net.
11:51 of 3rd period - Wrist shot by Jonathan Cheechoo.
11:51 of 3rd period - Shot Blocked by Aaron Ward.
11:53 of 3rd period - Slapshot by Rico Fata.
11:53 of 3rd period - Shot Misses the Net.
11:55 of 3rd period - Wrist shot by Dean McAmmond.
11:55 of 3rd period - Shot Misses the Net.
12:32 of 3rd period - Mike Knuble is hit by Igor Makarov and loses puck.
13:22 of 3rd period - Snap shot by Pasi Salonen.
13:22 of 3rd period - Shot Misses the Net.
13:24 of 3rd period - Slapshot by William Colbert.
13:24 of 3rd period - Deflect By Aaron Voros.
13:24 of 3rd period - Stopped by Peter Mannino with a rebound.
13:26 of 3rd period - Slapshot by William Colbert.
13:26 of 3rd period - Shot Misses the Net.
13:28 of 3rd period - Slapshot by Dustin Kohn.
13:28 of 3rd period - Stopped by Peter Mannino with a rebound.
13:30 of 3rd period - Slapshot by Dustin Kohn.
13:30 of 3rd period - Stopped by Peter Mannino without a rebound.
13:31 of 3rd period - Riley Armstrong wins face-off versus Dean McAmmond in Scraper zone.
13:44 of 3rd period - Wrist shot by Petr Sykora.
13:44 of 3rd period - Goal by Petr Sykora - National : 5 - Scraper : 6.
13:45 of 3rd period - Logan Couture wins face-off versus Dean McAmmond in neutral zone.
14:59 of 3rd period - Slapshot by Roman Cervenka.
14:59 of 3rd period - Stopped by Tyler Plante with a rebound.
15:11 of 3rd period - Snap shot by Jamie Benn.
15:11 of 3rd period - Shot Misses the Net.
15:27 of 3rd period - Jamie Benn is hit by William Colbert and loses puck.
16:00 of 3rd period - Wrist shot by Ben Eager.
16:00 of 3rd period - Stopped by Tyler Plante with a rebound.
16:02 of 3rd period - Backhand shot by Eric Gryba.
16:02 of 3rd period - Stopped by Tyler Plante without a rebound.
16:03 of 3rd period - Martin Hanzal wins face-off versus Cédric Lalonde-McNicoll in National zone.
16:13 of 3rd period - Snap shot by Martin Hanzal.
16:13 of 3rd period - Stopped by Tyler Plante with a rebound.
16:52 of 3rd period - Wrist shot by Valeri Bure.
16:52 of 3rd period - Goal by Valeri Bure - National : 5 - Scraper : 7.
16:53 of 3rd period - Logan Couture wins face-off versus Dean McAmmond in neutral zone.
17:25 of 3rd period - Snap shot by Petr Sykora.
17:25 of 3rd period - Stopped by Tyler Plante with a rebound.
17:27 of 3rd period - Slapshot by Riley Armstrong.
17:27 of 3rd period - Goal by Riley Armstrong - National : 5 - Scraper : 8.
17:28 of 3rd period - Dean McAmmond wins face-off versus Logan Couture in neutral zone.
17:31 of 3rd period - Slapshot by Jan Hejda.
17:31 of 3rd period - Deflect By Michael Del Zotto.
17:31 of 3rd period - Stopped by Peter Mannino with a rebound.
17:59 of 3rd period - Guillaume Desbiens is hit by Riley Armstrong and loses puck.
18:04 of 3rd period - Snap shot by Aaron Voros.
18:04 of 3rd period - Shot Misses the Net.
18:06 of 3rd period - Snap shot by Riley Armstrong.
18:06 of 3rd period - Shot Misses the Net.
18:08 of 3rd period - Slapshot by Riley Armstrong.
18:08 of 3rd period - Stopped by Tyler Plante without a rebound.
18:09 of 3rd period - Martin Hanzal wins face-off versus Jonathan Cheechoo in National zone.
18:34 of 3rd period - Alexander Radulov is hit by Guillaume Desbiens and loses puck.
18:45 of 3rd period - Slapshot by Jarod Palmer.
18:45 of 3rd period - Shot Hit the Post.
19:41 of 3rd period - Snap shot by Martin Hanzal.
19:41 of 3rd period - Shot Misses the Net.
Goals for this period are 2 for National vs 6 for Scraper.
Shots for this period are 11 for National vs 14 for Scraper.
Output by the SimonT Hockey Simulator (STHS) for François Prévost -- Original Page W3C XHTML 1.0 Valid